 Dungeon Crawl Stone Soup version 0.31-a0-1576-ga3383bade6 (webtiles) character file.

Game seed: 3505651916414246218

138 olourkin the Caller (level 5, 0/35 HPs)
             Began as a Vampire Summoner on Jan 4, 2024.
             Slain by Pikel
             ... wielding a +0 whip of freezing
              (2 damage)
             ... on level 3 of the Dungeon.
             The game lasted 00:12:32 (2975 turns).

olourkin the Caller (Vampire Summoner)              Turns: 2975, Time: 00:12:33

Health: 0/35       AC:  2    Str:  7    XL:     5   Next: 1%
Magic:  1/8        EV: 13    Int: 19    God:
Gold:   174        SH:  0    Dex: 21    Spells: 5/8 levels left

rFire   . . .        a - +1 short sword (drain)
rCold   . . .        (no shield)
rNeg    . . .        s - +0 robe
rPois   .            (no helmet)
rElec   .            (no cloak)
rCorr   .            (no gloves)
SInv    +            (no boots)
Will    .....        (no amulet)
Stlth   +++          h - +6 ring of dexterity
HPRegen 0.45/turn    (no ring)
MPRegen 0.11/turn

%: no passive effects
@: healing quickly
A: alive, fangs 3, see invisible, vampiric 2
a: Exsanguinate


You were on level 3 of the Dungeon.
You visited 1 branch of the dungeon, and saw 4 of its levels.

You collected 174 gold pieces.

Inventory:

Hand Weapons
 a - a +1 short sword of draining (weapon)
 e - a +0 short sword
Missiles
 f - 23 stones
 i - 4 atropa-tipped darts
 o - 6 boomerangs
 p - 2 throwing nets
Armour
 k - a +0 cloak
 n - a +0 ring mail
 s - a +0 robe (worn)
Magical Staves
 q - a staff of alchemy
Jewellery
 h - a +6 ring of dexterity (left hand)
Scrolls
 d - 3 scrolls of silence {unknown}
 g - 2 scrolls of teleportation {unknown}
 j - 6 scrolls of identify {unknown}
 l - 3 scrolls of fog {unknown}
 m - a scroll of poison {unknown}
Potions
 b - a potion of magic
 c - 2 potions of lignification {unknown}
 r - a potion of curing {unknown}


   Skills:
 - Level 2.1 Dodging
 + Level 5.3 Stealth
 - Level 2.0 Spellcasting
 * Level 5.6 Summonings


You had 5 spell levels left.
You knew the following spells:

 Your Spells              Type           Power      Damage    Failure   Level
a - Call Imp              Summ           46%        N/A       2%          2
z - Summon Small Mammal   Summ           92%        N/A       1%          1

Your spell library contained the following spells:

 Spells                   Type           Power      Damage    Failure   Level
 Call Canine Familiar     Summ           23%        N/A       4%          3
 Kiss of Death            Conj/Necr      4%         2d5       17%         1
 Sting                    Conj/Alch      4%         1d3       17%         1
 Mercury Vapours          Alch/Air       2%         N/A       26%         2
 Confusing Touch          Hex            1%         N/A       45%         3
 Summon Blazeheart Golem  Fire/Summ      12%        N/A       45%         4
 Summon Lightning Spire   Summ/Air       12%        N/A       45%         4
 Cause Fear               Hex            0%         N/A       86%         4
 Dispel Undead            Necr           1%         3d6       86%         4
 Olgreb's Toxic Radiance  Alch           1%         N/A       86%         4
 Fireball                 Conj/Fire      0%         3d3       99%         5
 Dragon's Call            Summ           11%        N/A       100%        9


Dungeon Overview and Level Annotations

Branches:
Dungeon (4/15)
 Temple: D:4-7

Altars:
Dithmenos
Vehumet
Yredelemnul

Shops:
D:2 [

Annotations:
D:3 Pikel


Innate Abilities, Weirdness & Mutations

Your natural rate of healing is accelerated.
You have razor-sharp teeth.
You have supernaturally acute eyesight. (SInv)
You are afflicted with vampirism and can become a bat while bloodless.


Message History

Your quokka's corpse disappears in a puff of smoke!
Casting: Summon Small Mammal (safe; 1% risk of failure)
Confirm with . or Enter, or press ? or * to list all spells.
Your cerulean imp hits Pikel with a -2 spear.
Your quokka barely misses Pikel.
Your cerulean imp misses Pikel.
Pikel says, "Hell isn't that bad."
Your cerulean imp hits Pikel from afar with a -2 spear.
Pikel hits you with a +0 whip of freezing!
Pikel freezes you.
* * * LOW HITPOINT WARNING * * *
You climb upwards.
Your summoned ally is left behind.
There is a stone staircase leading down here.
Casting: Summon Small Mammal (safe; 1% risk of failure)
Confirm with . or Enter, or press ? or * to list all spells.
A tiny devil pulls itself out of the air.
Pikel hits you with a +0 whip of freezing!
* * * LOW HITPOINT WARNING * * *
Pikel freezes you.
* * * LOW HITPOINT WARNING * * *
Casting: Call Imp (safe; 2% risk of failure)
Confirm with . or Enter, or press ? or * to list all spells.
Pikel barely misses you.
Your cerulean imp hits Pikel but does no damage.
Your quokka bites Pikel but does no damage.
Pikel hits your quokka with a +0 whip of freezing!
Pikel freezes your quokka.
Your quokka dies!
Your quokka's corpse disappears in a puff of smoke!
Your cerulean imp hits Pikel from afar with a -2 spear.
Casting: Summon Small Mammal (safe; 1% risk of failure)
Confirm with . or Enter, or press ? or * to list all spells.
Your cerulean imp hits Pikel but does no damage.
Your quokka closely misses Pikel.
Pikel scowls and wipes his hands on his robe.
Pikel hits you with a +0 whip of freezing!
* * * LOW HITPOINT WARNING * * *
Pikel freezes you.
You die...
Pikel says, "See you in Hell!"

#.### #...# #...######.#.#
#.#.#......#.# ########
#.#.#.#...##.# #......#
######.#.#.#.#..#^# #.....<#
.....#.......#..#.# #......#
.....###.#...#..#.# ######.#
.....# #.#...#.##.### #.#
.....###.#......@.r<# #.#
.................K>####### #.#
.........##.....5..#.....####.#
####.........#####.#..........#
#....###.## #.#.........####
#..)...#.# #.#.............
######[)###.###
#.#.........####
.....)........#
#.############..
######..#.#.#.# #.# ###### #.#


You could see Pikel (ally target), a friendly cerulean imp (summoned) and a
friendly quokka (summoned).

Vanquished Creatures
  An orc priest (D:3)
  An adder (D:2)
  2 orcs (D:3)
  A bat (D:2)
  3 endoplasms
  A goblin (D:2)
  5 hobgoblins
  A quokka (D:1)
  2 frilled lizards (D:1)
  A kobold (D:3)
  2 rats
20 creatures vanquished.

Vanquished Creatures (collateral kills)
  3 gnolls (D:3)
  A dart slug (D:2)
  2 orcs (D:3)
  5 endoplasms
  3 giant cockroaches
  4 goblins
  5 hobgoblins
  2 quokkas
  4 ball pythons
  2 bats (D:1)
  3 frilled lizards
  3 kobolds
  6 rats
43 creatures vanquished.

Grand Total: 63 creatures vanquished

Notes
Turn   | Place    | Note
-------+----------+-------------------------------------------
     0 | D:1      | olourkin the Vampire Summoner began the quest for the Orb.
     0 | D:1      | Reached XP level 1. HP: 13/13 MP: 3/3
   223 | D:1      | Reached XP level 2. HP: 19/19 MP: 0/5
   271 | D:1      | Found a faded altar of an unknown god.
  1173 | D:2      | Gained mutation: You are afflicted with vampirism and can
                  | become a bat while bloodless. [Vampire growth]
  1173 | D:2      | Reached XP level 3. HP: 23/24 MP: 6/6
  1241 | D:2      | Found Ycliutzu's Armour Shoppe.
  1908 | D:2      | Reached skill level 5 in Summonings
  1919 | D:2      | Learned a level 2 spell: Call Imp
  2033 | D:3      | Reached XP level 4. HP: 23/30 MP: 2/7
  2172 | D:3      | Found a basalt altar of Yredelemnul.
  2172 | D:3      | Found a radiant altar of Vehumet.
  2428 | D:3      | Found a shadowy altar of Dithmenos.
  2542 | D:3      | Reached skill level 5 in Stealth
  2781 | D:4      | Noticed a lemure
  2834 | D:4      | Noticed Pikel
  2834 | D:4      | Noticed a lemure
  2834 | D:4      | Noticed a lemure
  2834 | D:4      | Noticed a lemure
  2897 | D:4      | Noticed an ogre
  2945 | D:4      | Reached XP level 5. HP: 35/35 MP: 3/8
  2975 | D:3      | Slain by Pikel

Illustrated notes

Levels and vault maps discovered:
D:1:      minmay_arrival_semitransparent, layout_loops_ring,
          dreamdust_ecumenical_altar_grove
D:2:      layout_loops_ring, serial_shops, nicolae_shop_tiny_waterfront
D:3:      layout_basic, overflow_temple_1_default,
          chequers_temple_overflow_statue_of_worship
D:4:      layout_rooms, serial_shops, nicolae_shop_bloodbath_and_beyond,
          chequers_serial_rivers_marsh, uniq_pikel

Skill      XL: |  1  2  3  4 |
---------------+-------------+-----
Stealth        | 4 5 |  5.3
Summonings     | 5 |  5.6
Dodging        | |  2.1
Spellcasting   | |  2.0

Action                     |  1- 3 |  4- 6 || total
---------------------------+-------+-------++-------
  Melee: Unarmed           |     9 |       ||     9
         Short sword       |    29 |    17 ||    46
         Bite              |     3 |     2 ||     5
         Punch             |     1 |     1 ||     2
   Cast: Summon Small Mamm |    64 |    18 ||    82
         Call Imp          |     1 |     5 ||     6
   Stab: Sleeping          |     3 |     3 ||     6
 Armour: Robe              |    33 |    13 ||    46
  Dodge: Dodged            |    29 |    10 ||    39

Table legend: (Time is in decaauts)
 A = Elapsed time spent in this place.
 B = Non-inter-level travel time spent in this place.
 C = Inter-level travel time spent in this place.
 D = Time resting spent in this place.
 E = Time spent auto-exploring this place.
 F = Levels seen in this place.
 G = Mean time per level.
                   A        B        C        D        E       F      G
               +--------+--------+--------+--------+--------+-----+--------+
         Total |   2980 |   2873 |    107 |    594 |   1526 |   4 |  745.0 |
       Dungeon |   2980 |   2873 |    107 |    594 |   1526 |   4 |  745.0 |
               +--------+--------+--------+--------+--------+-----+--------+

Top non-repeatable levels by time:
     D:1: 1148 daAuts
     D:3: 861 daAuts
     D:2: 855 daAuts
     D:4: 114 daAuts
